 Dungeon Crawl Stone Soup version 0.24-a0-584-g9d6b971 (webtiles) character file.

Game seed: 14815700470175244828, levelgen mode: deterministic

6888 Firecrotchwizard the Basher (level 10, -3/148 (153) HPs)
             Began as a Troll Berserker on Aug 31, 2019.
             Was an Elder of Trog.
             Slain by a tengu warrior
             ... wielding a +0 great sword
              (8 damage)
             ... on level 10 of the Dungeon.
             The game lasted 00:20:09 (8462 turns).

Firecrotchwizard the Basher (Troll Berserker)       Turns: 8462, Time: 00:20:10

HP:   -3/148 (153)  AC:  9    Str: 32    XL:     10   Next: 79%
MP:   18/18         EV: 12    Int:  6    God:    Trog [****..]
Gold: 520           SH:  6    Dex:  9    Spells: 9/9 levels left

rFire    . . .     SeeInvis .   p - +1 morningstar
rCold    . . .     Gourm    +   (no shield)
rNeg     . . .     Faith    .   G - +1 troll leather armour {regen}
rPois    .         Spirit   .   (helmet restricted)
rElec    .         Reflect  +   w - scarf {repulsion}
rCorr    .         Harm     .   (gloves unavailable)
MR       .....     Rnd*Tele +   (boots unavailable)
Stlth    ..........             u - +6 amulet of reflection
HPRegen  1.14/turn              n - ring of magical power {MP+9}
MPRegen  0.16/turn              L - ring of teleportation (curse) {+/*tele, !d}

@: berserking (expiring), repel missiles, very quick
A: large, unfitting armour, claws 3, fast metabolism 3, gourmand, regeneration
1, shaggy fur 1, tough skin 3
a: Berserk, Trog's Hand, Brothers in Arms, Renounce Religion


You were on level 10 of the Dungeon.
You worshipped Trog.
Trog was greatly pleased with you.
You were very full.

You visited 1 branch of the dungeon, and saw 10 of its levels.
You also visited: Bailey.

You collected 520 gold pieces.

Inventory:

Hand Weapons
 h - a +0 giant spiked club
   (You took it off an ogre on level 10 of the Dungeon)
 p - a +1 morningstar (weapon)
   (You found it on level 4 of the Dungeon)
 K - a +0 giant club
   (You took it off a two-headed ogre on level 9 of the Dungeon)
Armour
 b - a +0 animal skin
 w - a scarf of repulsion (worn)
   (You found it on level 5 of the Dungeon)
 G - a +1 troll leather armour (worn) {regen}
   (You found it on level 7 of the Dungeon)
Jewellery
 n - a ring of magical power (left claw) {MP+9}
   (You found it on level 2 of the Dungeon)
 u - a +6 amulet of reflection (around neck)
   (You found it on level 3 of the Dungeon)
 z - a +1 ring of evasion
   (You found it on level 6 of the Dungeon)
 L - a cursed ring of teleportation (right claw) {+/*tele, !d}
   (You found it on level 9 of the Dungeon)
Wands
 m - a wand of acid (3)
   (You took it off an orc wizard on level 9 of the Dungeon)
 B - a wand of digging (5)
   (You found it on level 6 of the Dungeon)
 E - a wand of iceblast (10)
   (You found it on level 6 of the Dungeon)
Scrolls
 g - 2 scrolls of teleportation
 i - a scroll of magic mapping {!r}
 j - a scroll of blinking {!r}
 k - 3 scrolls of identify
 s - 3 scrolls of fear
 x - 2 scrolls of fog
 A - a scroll of enchant weapon
Potions
 d - a potion of agility {unknown}
 e - 3 potions of flight {unknown}
 f - 5 potions of curing {unknown}
 o - 6 potions of lignification {unknown}
 q - 3 potions of haste {unknown}
 t - a potion of ambrosia {unknown}
 v - 2 potions of brilliance {unknown}
 J - a potion of heal wounds {unknown}
Miscellaneous
 a - a box of beasts
Comestibles
 c - 18 rations
 l - a chunk of flesh {@w0}


   Skills:
 + Level 7.4 Fighting
 * Level 11.0 Maces & Flails
 + Level 7.4 Dodging


You had 9 spell levels left.
You didn't know any spells.
Your spell library was empty.

Dungeon Overview and Level Annotations

Branches:
Dungeon (10/15)            Temple (0/1) D:5          Bailey (visited)
   Lair: D:8-11         Orc: D:9-12

Altars:
Ashenzari
Makhleb

Shops:
D:9 :

Annotations:
D:5 1 runed translucent door, Crazy Yiuf
D:6 exclusion: Prince Ribbit, Prince Ribbit


Innate Abilities, Weirdness & Mutations

You are too large for most types of armour.
You have claws for hands.
Your metabolism is lightning-fast.
You like to eat raw meat.
Your natural rate of healing is unusually fast.
You are covered in fur. (AC +1)
You have extremely tough skin. (AC +3)


Message History

You take 12 damage, and have 87/99 hp.
You puncture the ogre! The ogre barely misses you.
You puncture the ogre!
You kill the ogre!
Trog accepts your kill.
You see here a +0 giant club.
You see here 16 arrows.
Eating a chunk of flesh {@w0}.
You eat the chunk of flesh {@w0}.
This raw flesh tastes great.
You see here a spear.
An ice beast comes into view.
Health restored: 99 The ice beast barely misses you.
You sock the ice beast!
You feel strangely unstable.
You are suddenly yanked towards a nearby monster!
Your surroundings suddenly seem different.
A bullfrog comes into view.
The bullfrog gives a loud, deep croak!
The bullfrog barely misses you.
You impale the bullfrog!! The bullfrog barely misses you.
The bullfrog hits you but does no damage.
You barely miss the bullfrog. The bullfrog misses you.
You bludgeon the bullfrog!!
You kill the bullfrog!
Trog accepts your kill.
No target in view!
You butcher the bullfrog corpse.
l - a chunk of flesh {@w0} You see here a bullfrog skeleton. x2
You open the door.
The tengu warrior shouts!
The tengu warrior disappears!
The jelly disappears!
The orc warrior shouts!
The acid dragon roars!
The orc warrior disappears!
The acid dragon disappears!
There is an open door here.
The acid dragon is too close now for your liking.
The acid dragon spits acid at you. The splash of acid hits you.
You are splashed with acid!
You take 10 damage, and have 89/99 hp.
You closely miss the acid dragon. The acid dragon spits acid at you.
The splash of acid hits you!
You are splashed with acid!
You take 20 damage, and have 70/99 hp.
MASSIVE DAMAGE!!
You closely miss the acid dragon. The acid dragon bites you!
The acid dragon claws you.
You take 11 damage, and have 59/99 hp.
You hit the acid dragon but do no damage.
The acid dragon bites you! The acid dragon claws you.
The tengu warrior hits you with a +0 great sword!!
You block the tengu warrior's attack. The tengu warrior misses you.
You take 27 damage, and have 32/99 hp.
MASSIVE DAMAGE!!
A red film seems to cover your vision as you go berserk!
You feel yourself moving faster!
You feel mighty! The acid dragon barely misses you.
The acid dragon claws you but does no damage.
You hear a distant slurping noise.
You now have 49/148 hp.
You closely miss the acid dragon. The acid dragon spits acid at you.
The splash of acid misses you. The tengu warrior barely misses you. x2
The tengu warrior claws you.
* * * LOW HITPOINT WARNING * * *
You take 6 damage, and have 43/148 hp.
You closely miss the acid dragon. You impale the acid dragon!!
You kill the acid dragon!
Trog accepts your kill.
The tengu warrior hits you with a +0 great sword!!
* * * LOW HITPOINT WARNING * * *
The tengu warrior pecks you.
* * * LOW HITPOINT WARNING * * *
The tengu warrior claws you but does no damage.
You take 22 damage, and have 22/148 hp.
You miss the tengu warrior.
You hit the tengu warrior but do no damage.
The tengu warrior hits you but does no damage.
The tengu warrior pecks you.
* * * LOW HITPOINT WARNING * * *
You block the tengu warrior's attack.
You take 1 damage, and have 21/148 hp.
Your troll leather armour prevents you from hitting the tengu warrior.
You miss the tengu warrior.
The tengu warrior hits you but does no damage.
The tengu warrior pecks you but does no damage.
The tengu warrior claws you.
* * * LOW HITPOINT WARNING * * *
You take 4 damage, and have 18/148 hp.
You closely miss the tengu warrior. You closely miss the tengu warrior.
The tengu warrior hits you with a +0 great sword!
* * * LOW HITPOINT WARNING * * *
The tengu warrior barely misses you. The tengu warrior closely misses you.
You take 15 damage, and have 4/148 hp.
You miss the tengu warrior. You sock the tengu warrior!
The tengu warrior hits you with a +0 great sword!
You die...

.#.#.###..###...#.#.#.########.#.
.#.#.#....#?#.......<.########.#.
...#.#.####+####..#..............
.......#,,#^#,,#........#........
.#.#...##,#.#,##.................
.......#.^#.#^.#................>
.#.#...##^#.#^##.................
.#.#.#.#.^#.#^.#..?.........##...
##+#.#.####'####@...........##...
.....#...........Q..........*#.#.
.....#.......#.#........,,,,*#.#.
.....#.......#....#.###.,,,,##)#.
.....#............%...,,*,,*#....
.^...#.......#....##.##**,,*#....
..................#*,.#**,,*#....
....##.............,,..,,,.##....
...###........#...##*,,**#.......


You could see a tengu warrior.

Vanquished Creatures
  A two-headed ogre (D:9)
  Psyche (D:8)
  A troll (D:7)
  A vampire (D:10)
  A human (D:8)
  9 yaks (D:10)
  A hungry ghost (D:8)
  2 steam dragons
  Menkaure (D:5)
  An acid dragon (D:10)
  A sky beast (D:8)
  4 phantoms
  4 orc warriors
  2 ice beasts
  A necrophage (D:6)
  4 ogres
  5 centaurs
  5 bullfrogs
  A wyvern zombie (D:10)
  2 scorpions
  3 killer bees (D:9)
  4 howler monkeys
  A crimson imp (D:8)
  A bullfrog zombie (D:10)
  A centaur skeleton (D:5)
  4 hounds
  2 jellies
  2 orc priests
  A gnoll shaman (D:8)
  6 orc wizards
  An iguana (D:6)
  Terence (D:3)
  6 worker ants
  4 gnolls (D:8)
  10 adders
  A shadow imp (D:7)
  2 oozes (D:4)
  An adder zombie (D:8)
  2 dart slugs
  A worm (D:5)
  7 leopard geckos
  30 orcs
  2 giant cockroaches (D:1)
  12 goblins
  6 hobgoblins
  7 jackals
  5 kobolds
  4 quokkas
  2 ball pythons
  2 bats (D:2)
  3 frilled lizards
  A jackal skeleton (D:4)
  A quokka zombie (D:5)
  5 rats
189 creatures vanquished.

Vanquished Creatures (others)
  An orc (D:9)
1 creature vanquished.

Grand Total: 190 creatures vanquished

Notes
Turn   | Place    | Note
-------+----------+-------------------------------------------
     0 | D:1      | Firecrotchwizard the Troll Berserker began the quest for
                  | the Orb.
     0 | D:1      | Reached XP level 1. HP: 22/22 MP: 0/0
   190 | D:1      | Reached skill level 3 in Maces & Flails
   250 | D:1      | Reached XP level 2. HP: 29/29 MP: 1/1
  1020 | D:2      | Reached XP level 3. HP: 36/36 MP: 2/2
  1321 | D:2      | Reached ** piety under Trog
  1397 | D:3      | Reached XP level 4. HP: 44/44 MP: 3/3
  1573 | D:3      | Found a shattered altar of Ashenzari.
  1726 | D:3      | Reached skill level 3 in Fighting
  1762 | D:3      | Reached skill level 3 in Dodging
  1879 | D:3      | Noticed Terence
  1889 | D:3      | Killed Terence
  1889 | D:3      | Reached skill level 4 in Maces & Flails
  2267 | D:4      | Reached XP level 5. HP: 48/53 MP: 4/4
  2357 | D:4      | Noticed a phantom
  2421 | D:4      | Killed a phantom
  2474 | D:4      | Reached XP level 6. HP: 61/61 MP: 5/5
  2872 | D:5      | Entered Level 5 of the Dungeon
  2899 | D:5      | Reached skill level 5 in Maces & Flails
  2916 | D:5      | Found a staircase to the Ecumenical Temple.
  3103 | D:5      | Noticed Menkaure
  3114 | D:5      | Killed Menkaure
  3114 | D:5      | Reached XP level 7. HP: 28/68 MP: 6/6
  3481 | D:5      | Found a runed translucent door.
  3482 | D:5      | Noticed Crazy Yiuf
  3677 | D:6      | Reached skill level 4 in Fighting
  3677 | D:6      | Reached skill level 4 in Dodging
  3697 | D:6      | Found a burning altar of Makhleb.
  3846 | D:5      | Noticed a steam dragon
  3847 | D:5      | Noticed a steam dragon
  3854 | D:5      | Killed a steam dragon
  3854 | D:5      | Reached skill level 6 in Maces & Flails
  4173 | D:6      | Reached XP level 8. HP: 76/76 MP: 7/7
  4229 | D:6      | Noticed Prince Ribbit
  4737 | D:7      | Reached skill level 7 in Maces & Flails
  5081 | D:7      | Noticed a troll
  5105 | D:7      | Killed a troll
  5105 | D:7      | Reached skill level 5 in Dodging
  5260 | D:7      | Reached skill level 5 in Fighting
  5579 | D:8      | Found a flagged portal.
  5586 | Bailey   | Entered a bailey
  5740 | Bailey   | Reached *** piety under Trog
  5791 | Bailey   | Noticed an orc knight
  6216 | D:8      | Reached skill level 8 in Maces & Flails
  6272 | D:8      | Reached XP level 9. HP: 61/85 MP: 8/8
  6786 | D:8      | Noticed Psyche
  6789 | D:8      | Paralysed by Psyche for 7 turns
  6799 | D:8      | Killed Psyche
  6799 | D:8      | Reached skill level 9 in Maces & Flails
  6991 | D:9      | Reached skill level 6 in Fighting
  6991 | D:9      | Reached skill level 6 in Dodging
  7088 | D:9      | Noticed a two-headed ogre
  7098 | D:9      | Killed a two-headed ogre
  7192 | D:9      | Identified a scroll of acquirement
  7217 | D:9      | Reached XP level 10. HP: 91/97 MP: 9/9
  7546 | D:9      | Found Otoiw's Book Shoppe.
  7776 | D:10     | Entered Level 10 of the Dungeon
  7799 | D:10     | Reached skill level 10 in Maces & Flails
  7885 | D:10     | Reached **** piety under Trog
  7917 | D:10     | Reached skill level 7 in Fighting
  7917 | D:10     | Reached skill level 7 in Dodging
  8372 | D:10     | Reached skill level 11 in Maces & Flails
  8441 | D:10     | Noticed a tengu warrior
  8454 | D:10     | HP: 25/148 [tengu warrior/+0 great sword (20)]
  8460 | D:10     | HP: 4/148 [tengu warrior/+0 great sword (16)]
  8462 | D:10     | Slain by a tengu warrior

Levels and vault maps discovered:
D:1:      dpeg_arrival_solitude, layout_loops_ring, minmay_tetromino_l4
D:2:      layout_loops_ring, first_ration, minmay_misc_feat_pillars
D:3:      layout_loops_corners, nicolae_ashenzari_panopticon, uniq_terence
D:4:      layout_loops_ring
D:5:      kennysheep_steamy, layout_basic, temple_green,
          uniq_crazy_yiuf_cottage, uniq_menkaure
D:6:      layout_basic, makhleb_heckhound_becter, uniq_prince_ribbit1
D:7:      layout_gridville
D:8:      layout_basic, enter_bailey_3, grunt_pizzeria, uniq_psyche
D:9:      layout_irregular_city, serial_shops, kennysheep_mini
D:10:     layout_basic, grunt_tough_drop

Skill      XL: |  1  2  3  4  5  6  7  8  9 10 |
---------------+-------------------------------+-----
Maces & Flails | 3 4 5 6 8 9 11 | 11.0
Fighting       | 3 4 5 6 7 |  7.4
Dodging        | 3 4 5 6 7 |  7.4

Action                   |  1- 3 |  4- 6 |  7- 9 | 10-12 || total
-------------------------+-------+-------+-------+-------++-------
Melee: Mace              |    81 |    79 |       |       ||   160
       Morningstar       |       |    85 |   341 |   230 ||   656
Invok: Berserk           |       |     2 |     6 |     2 ||    10
       Trog's Hand       |       |     2 |     4 |     1 ||     7
Evoke: Wand              |       |       |     3 |       ||     3
  Use: Scroll            |     2 |     1 |     2 |    12 ||    17
 Stab: Sleeping          |     1 |       |       |       ||     1
  Eat: Chunk             |    18 |    18 |    51 |    14 ||   101
       Ration            |       |       |     1 |       ||     1
Armor: Animal skin       |    33 |    40 |    20 |       ||    93
       Troll leather arm |       |       |    84 |    67 ||   151
Dodge: Dodged            |    50 |    65 |   222 |   124 ||   461
       Deflected         |       |       |     4 |     8 ||    12
Block: Other             |       |    42 |   104 |    60 ||   206
       Reflection        |       |       |     1 |     2 ||     3

Table legend:
 A = Non-vault XP
 B = Vault XP
 C = Vault XP percentage of total XP
 D = Non-vault monster count
 E = Vault monster count
 F = Vault count percentage of total count
                 A         B        C        D         E       F
            +---------+---------+-------+---------+---------+-------
      Total |    8272 |    1569 |  15.9 |     159 |      30 |  15.9
            +---------+---------+-------+---------+---------+-------
        D:1 |      17 |       5 |  22.7 |       9 |       3 |  25.0
        D:2 |      73 |       0 |   0.0 |      17 |       0 |   0.0
        D:3 |      54 |      36 |  40.0 |      18 |       1 |   5.3
        D:4 |     262 |       0 |   0.0 |      14 |       0 |   0.0
        D:5 |     184 |     352 |  65.7 |       9 |       2 |  18.2
        D:6 |     490 |      42 |   7.9 |      12 |       1 |   7.7
        D:7 |     620 |       0 |   0.0 |       8 |       0 |   0.0
        D:8 |     871 |     823 |  48.6 |      14 |       7 |  33.3
        D:9 |    2006 |       0 |   0.0 |      24 |       0 |   0.0
       D:10 |    3695 |     139 |   3.6 |      34 |       1 |   2.9
     Bailey |       0 |     172 | 100.0 |       0 |      15 | 100.0
            +---------+---------+-------+---------+---------+-------

Levels and vault maps discovered:
D:1:      dpeg_arrival_solitude, layout_loops_ring, minmay_tetromino_l4
D:2:      layout_loops_ring, first_ration, minmay_misc_feat_pillars
D:3:      layout_loops_corners, nicolae_ashenzari_panopticon, uniq_terence
D:4:      layout_loops_ring
D:5:      kennysheep_steamy, layout_basic, temple_green,
          uniq_crazy_yiuf_cottage, uniq_menkaure
D:6:      layout_basic, makhleb_heckhound_becter, uniq_prince_ribbit1
D:7:      layout_gridville
D:8:      layout_basic, enter_bailey_3, grunt_pizzeria, uniq_psyche
D:9:      layout_irregular_city, serial_shops, kennysheep_mini
D:10:     layout_basic, grunt_tough_drop

Table legend:
 A = Turns spent in this place as a percentage of turns spent in the entire game.
 B = Non-inter-level travel turns spent in this place as a percentage of non-inter-level travel turns spent in the entire game.
 C = Inter-level travel turns spent in this place as a percentage of turns spent in this place.
 D = Turns resting spent in this place as a percentage of non-inter-level travel turns spent in this place.
 E = Turns spent auto-exploring this place as a percentage of non-inter-level travel turns spent in this place.
 F = Non-inter-level travel turns spent in this place divided by the number of levels of this place that you've seen.
                   A       B       C       D       E      F
               +-------+-------+-------+-------+-------+----------------------
         Total | 100.0 | 100.0 |   3.8 |   8.9 |  68.6 | 740.4
       Dungeon |  94.9 |  94.7 |   4.0 |   8.0 |  71.9 | 771.5
        Bailey |   5.1 |   5.3 |   0.0 |  24.5 |   7.9 | 429.0
               +-------+-------+-------+-------+-------+----------------------

Table legend:
 A = Kills in this place as a percentage of kills in entire the game.
 B = Kills by you in this place as a percentage of kills by you in the entire game.
 C = Kills by friends in this place as a percentage of kills by friends in the entire game.
 D = Other kills in this place as a percentage of other kills in the entire game.
 E = Experience gained in this place as a percentage of experience gained in the entire game.
 F = Experience gained in this place divided by the number of levels of this place that you have seen.
                   A       B       C       D       E      F
               +-------+-------+-------+-------+-------+----------------------
         Total | 100.0 | 100.0 |   N/A |   N/A | 100.0 | 894.6
       Dungeon |  92.1 |  92.1 |   N/A |   N/A |  98.3 | 966.9
        Bailey |   7.9 |   7.9 |   N/A |   N/A |   1.7 | 172.0
               +-------+-------+-------+-------+-------+----------------------
